Map: Oxide LE

Players

LiquidClem (Clem) - Winner!

  • Race: Terran Terran
  • League: Bronze

ByuN

  • Race: Terran Terran

VOD

Have the link to the VOD?

Description

Time

  • Played on: April 25, 2021, 12:49 p.m.
  • Length: 4:53
Show
View Real Time Build Order
Export as new Build Order

LiquidClem Terran - Winner!

Build Orders: Gas First Reaper Expand, Hellion Opening 

Get SALT Encoding   

  12  0:00  SCV  
  13  0:12  SCV  
  14  0:17  Supply Depot  
  14  0:24  SCV  
  14  0:27  Refinery  
  15  0:39  SCV  
  16  0:44  Barracks  
  16  0:51  SCV  
  17  1:03  SCV  
  18  1:15  SCV  
  19  1:31  Reaper, Orbital Command  
  20  1:48  Command Center  
  20  1:54  Factory  
  20  1:58  SCV  
  21  2:06  Barracks Reactor  
  21  2:09  Supply Depot  
  21  2:12  SCV  
  22  2:19  Refinery  
  22  2:24  SCV  
  23  2:36  SCV  
  24  2:45  Starport  
  24  2:47  Hellion x2  
  24  2:49  SCV  
  29  2:53  Barracks Tech Lab  
  29  2:59  Orbital Command  
  29  3:01  SCV  
  30  3:08  Hellion  
  30  3:11  Hellion  
  34  3:16  Marauder  
  34  3:18  Concussive Shells  
  36  3:25  Medivac  
  38  3:31  Supply Depot  
  38  3:33  Hellion  
  40  3:38  Marauder  
  40  3:40  Hellion  
  44  3:43  SCV  
  44  3:44  SCV  
  44  3:47  Refinery  
  46  3:53  Supply Depot  
  46  3:55  Starport Tech Lab  
  46  3:56  SCV  
  46  4:01  SCV  
  48  4:13  Cyclone, Marine x2  
  48  4:16  SCV x2  
  56  4:28  SCV x2  
  56  4:31  Marine x2  
  57  4:40  SCV x2  
Show
View Real Time Build Order
Export as new Build Order

ByuN Terran 

Build Orders:  

Get SALT Encoding   

  12  0:00  SCV  
  13  0:12  SCV  
  14  0:16  Supply Depot  
  14  0:24  SCV  
  15  0:38  SCV  
  15  0:39  Barracks  
  16  0:43  Refinery  
  16  0:50  SCV  
  16  0:54  Refinery  
  17  1:02  SCV  
  18  1:14  SCV  
  19  1:26  Reaper  
  19  1:27  Orbital Command  
  19  1:28  Supply Depot  
  20  1:42  Factory  
  20  1:52  SCV  
  21  1:58  Reaper  
  22  2:05  SCV  
  23  2:16  Command Center  
  23  2:19  SCV  
  24  2:27  Hellion  
  26  2:31  Barracks Reactor, SCV  
  27  2:38  Starport  
  27  2:43  SCV  
  28  2:47  Supply Depot  
  28  2:49  Widow Mine  
  30  2:55  SCV  
  31  3:01  Orbital Command  
  31  3:08  Marine x2  
  31  3:09  SCV  
  31  3:11  Factory Tech Lab  
  34  3:15  Medivac  
  36  3:22  Refinery  
  36  3:27  Marine x2  
  36  3:30  SCV  
  39  3:34  Siege Tank  
  39  3:39  Orbital Command  
  42  3:42  SCV  
  42  3:45  Marine  
  42  3:46  Marine  
  42  3:48  Starport Tech Lab  
  45  3:54  SCV  
  46  3:58  Supply Depot  
  46  4:03  Marine x2  
  46  4:07  Raven  
  50  4:10  SCV x2  
  52  4:21  Barracks  
  52  4:25  SCV x2  
  52  4:28  Marine x2  
Tags
 
Add a new tag
Caveats
  • Supply blocks, unpowered buildings, or Contaminate may cause inaccurate times.
  • Supply counts are checked every 10 seconds.